 Dungeon Crawl Stone Soup version 0.30.1-3-gfc49f6343a (webtiles) character file.

Game seed: 12882297228330744569

1484 Zeor the Magician (level 9, -2/59 HPs)
             Began as a Djinni Fire Elementalist on Aug 3, 2023.
             Was a Follower of Zin.
             Slain by a scorpion (7 damage)
             ... on level 6 of the Dungeon.
             The game lasted 00:17:53 (4116 turns).

Zeor the Magician (Djinni Fire Elementalist)        Turns: 4116, Time: 00:17:54

Health: -2/59      AC:  4    Str:  7    XL:     9   Next: 7%
Gold:   303        EV: 13    Int: 21    God:    Zin [*.....] SH:  0 Dex: 17

rFire   + + +        l - +2 whip (venom)
rCold   . . .        (no shield)
rNeg    . . .        a - +1 robe
rPois   ∞            (no helmet)
rElec   .            (no cloak)
rCorr   .            r - +0 pair of gloves
SInv    .            (boots unavailable)
Will    .....        (no amulet)
Stlth   ++           b - ring of the Mantidfly {rC+ Dex+3 Slay+4}
HPRegen 0.29/turn    p - ring of protection from fire
MPRegen 0.00/turn

%: infuse magic (-3 HP)
@: flying
A: sickness immunity, fire resistance 2, cold vulnerability 1, float, innate
caster, HP casting, extra vitality 1
a: Renounce Religion, Recite, Donate Gold


You were on level 6 of the Dungeon.
You worshipped Zin.
Zin was aware of your devotion.
You visited 1 branch of the dungeon, and saw 6 of its levels.

You collected 336 gold pieces.
You donated 33 gold pieces to Zin.

Inventory:

Hand Weapons
 l - a +2 whip of venom (weapon)
Missiles
 k - 2 throwing nets
 n - a curare-tipped dart
Armour
 a - a +1 robe (worn)
 r - a +0 pair of gloves (worn)
Jewellery
 b - the ring of the Mantidfly (left hand) {rC+ Dex+3 Slay+4}
   (You acquired it on level 3 of the Dungeon)

   [ring of slaying]

   Dex:       It affects your dexterity (+3).
   Slay:      It affects your accuracy & damage with ranged weapons and melee
   (+4).
   rC:        It protects you from cold.
 p - a ring of protection from fire (right hand)
Scrolls
 d - a scroll of immolation
 g - a scroll of enchant weapon
 i - 6 scrolls of teleportation
 q - a scroll of poison
Potions
 c - a potion of experience {unknown}
 e - 4 potions of haste {unknown}
 f - a potion of attraction {unknown}
 h - 2 potions of brilliance {unknown}
 j - a potion of might {unknown}
 m - a potion of heal wounds {unknown}
 o - 2 potions of invisibility {unknown}
 s - 3 potions of lignification {unknown}


   Skills:
 * Level 2.4 Fighting
 + Level 3.0 Dodging
 + Level 2.5 Stealth
 + Level 7.8 Spellcasting
 * Level 1.2 Invocations


You knew the following spells:

 Your Spells              Type           Power      Damage    Failure   Level
a - Foxfire               Conj/Fire      100%       2x1d9     1%          1
b - Scorch                Fire           82%        2d8       1%          2
c - Volatile Blastmotes   Fire/Tloc      82%        2d16      1%          3
d - Inner Flame           Hex/Fire       41%        N/A       1%          3
e - Flame Wave            Conj/Fire      41%        2d11      3%          4
f - Beastly Appendage     Tmut           82%        N/A       1%          1
g - Call Imp              Summ           82%        N/A       1%          2
h - Ensorcelled Hibernat  Hex/Ice        82%        N/A       1%          2
i - Swiftness             Air            41%        N/A       1%          3
Your spell library was empty.

Dungeon Overview and Level Annotations

Branches:
Dungeon (6/15)
 Temple: D:4-7

Altars:
Hepliaklqana
Qazlal
Zin

Shops:
D:5 =

Annotations:
D:6 Eustachio


Innate Abilities, Weirdness & Mutations

You are immune to sickness and miasma.
You are immune to poison.
Your flesh is very heat resistant. (rF++)
You are vulnerable to cold. (rC-)
You float through the air rather than walking.
You learn spells naturally, not from books.
Your magical power is your life essence.
You have superior vitality. (+4 MHP)


Message History

The concussive blast engulfs your foxfire.
Your foxfire completely resists.
A water moccasin comes into view.
Eustachio mumbles some strange words.
Eustachio blinks!
The foxfire hits the rat!
You kill the rat!
The rat's corpse disappears in a puff of smoke!
The foxfire hits Eustachio!
Eustachio is heavily wounded.
Eustachio growls, "To hell with you, honourless miscreant!"
A scorpion comes into view.
Casting: Foxfire (safe; 1% risk of failure)
Confirm with . or Enter, or press ? or * to list all spells.
Flames lash the scorpion.
The scorpion is heavily wounded.
The scorpion's fire resistance burns away.
The water moccasin bites you.
Casting: Scorch (safe; 1% risk of failure)
Confirm with . or Enter, or press ? or * to list all spells.
Flames lash Eustachio.
Eustachio is almost dead.
Eustachio's fire resistance burns away.
The water moccasin bites you. The scorpion stings you.
* * * LOW HITPOINT WARNING * * *
Casting: Scorch (safe; 1% risk of failure)
Confirm with . or Enter, or press ? or * to list all spells.
Casting: Flame Wave (dangerous; 3% risk of failure)
Press: ? - help, Dir - look around, f - activate A wave of flame ripples out!
The flame wave engulfs the water moccasin!
The water moccasin is heavily wounded.
The flame wave engulfs the scorpion!
The scorpion is burned terribly!
The scorpion is almost dead. (Press . to intensify the flame waves.)
* * * LOW HITPOINT WARNING * * *
The water moccasin bites you.
* * * LOW HITPOINT WARNING * * *
The scorpion stings you!
You die... ▒▒∙∙ ∙ ∙∙∙ ∙∙▒▒▒▒▒▒▒∙∙ ∙∙∙∙∙∙∙∙∙ ▒▒ ∙∙▒∙∙∙ ▒∙∙▒▒▒∙∙∙▒▒▒ ∙∙∙∙∙∙∙∙∙@#▒▒▒▒▒▒ ∙∙∙∙∙∙∙∙Ss∙)∙∙∙∙∙ ∙∙∙∙∙∙∙∙∙R#▒▒▒▒▒▒ ∙∙∙∙∙∙∙∙∙∙∙▒ ∙▒▒▒▒▒▒▒▒▒▒▒

You could see Eustachio (combustible), a water moccasin and a scorpion (combustible).

Vanquished Creatures
  Maggie (D:6)
  A wraith (D:5)
  An ice beast (D:5)
  2 ogres
  A phantom (D:5)
  A kobold brigand (D:4)
  2 scorpions
  A howler monkey (D:5)
  2 jellies
  A hound (D:4)
  3 iguanas
  15 gnolls
  10 adders
  3 ufetubi
  2 worms
  2 dart slugs (D:4)
  4 orcs
  7 ball pythons
  7 endoplasms
  3 giant cockroaches
  9 goblins
  A hobgoblin (D:2)
  4 jackals (D:3)
  A quokka (D:4)
  A bat (D:2)
  4 kobolds
  3 rats (D:1)
92 creatures vanquished.

Vanquished Creatures (others)
  176 foxfires
176 creatures vanquished.

Grand Total: 268 creatures vanquished

Notes
Turn   | Place    | Note
-------+----------+-------------------------------------------
     0 | D:1      | Zeor the Djinni Fire Elementalist began the quest for the
                  | Orb.
     0 | D:1      | Zeor set off with the following spells memorised: Foxfire,
                  | Scorch, Volatile Blastmotes, Inner Flame, Flame Wave.
     0 | D:1      | Reached XP level 1. HP: 15/15 MP: 0/0
   172 | D:1      | Reached XP level 2. HP: 16/21 MP: 0/0
   508 | D:2      | Reached skill level 3 in Spellcasting
   508 | D:2      | Reached XP level 3. HP: 22/25 MP: 0/0
   508 | D:2      | Learned a level 1 spell: Beastly Appendage
   514 | D:2      | Reached XP level 4. HP: 22/31 MP: 0/0
   730 | D:2      | Reached XP level 5. HP: 29/35 MP: 0/0
   730 | D:2      | Learned a level 2 spell: Call Imp
   739 | D:2      | Reached skill level 4 in Spellcasting
  1537 | D:3      | Identified a scroll of acquirement
  1537 | D:3      | Acquired the ring of the Mantidfly {rC+ Dex+3 Slay+4}
  2072 | D:4      | Noticed an ogre
  2081 | D:4      | Killed an ogre
  2082 | D:4      | Reached XP level 6. HP: 26/40 MP: 0/0
  2094 | D:4      | Reached skill level 5 in Spellcasting
  2316 | D:4      | Reached XP level 7. HP: 39/45 MP: 0/0
  2316 | D:4      | Learned a level 2 spell: Ensorcelled Hibernation
  2468 | D:4      | Found a hazy altar of Hepliaklqana.
  2938 | D:4      | Found a glowing silver altar of Zin.
  3041 | D:5      | Entered Level 5 of the Dungeon
  3041 | D:5      | Noticed a wraith
  3140 | D:5      | Killed a wraith
  3141 | D:5      | Reached skill level 1 in Fighting
  3141 | D:5      | Reached skill level 6 in Spellcasting
  3153 | D:5      | Reached XP level 8. HP: 27/52 MP: 0/0
  3362 | D:5      | Found Punlat's Jewellery Emporium.
  3502 | D:5      | Reached skill level 7 in Spellcasting
  3740 | D:5      | Found a stormy altar of Qazlal.
  3787 | D:4      | Became a worshipper of Zin the Law-Giver
  3787 | D:4      | Reached * piety under Zin
  4098 | D:6      | Noticed Maggie
  4104 | D:6      | Noticed Eustachio
  4106 | D:6      | Killed Maggie
  4107 | D:6      | Reached skill level 1 in Invocations
  4107 | D:6      | Reached XP level 9. HP: 32/59 MP: 0/0
  4107 | D:6      | Learned a level 3 spell: Swiftness
  4116 | D:6      | Slain by a scorpion

Illustrated notes

Levels and vault maps discovered:
D:1:      saegor_arrival_simple_a, layout_rooms, minmay_heptomino_o4
D:2:      layout_rooms
D:3:      layout_loops_ring
D:4:      layout_basic, mainiacjoe_overflow_brackets, zin_academy
D:5:      layout_basic, grunt_qazlal_sundering, abandoned_shop, chequers_jeans,
          hex_tiny, mrwooster_statue_mirror, serial_bayou_pond_d,
          grunt_ministairs_13, hangedman_decor_riveting,
          minmay_shop_enchanted_jewellery
D:6:      layout_rooms, minmay_temple_entry_offerings, gammafunk_ghost_cemetery,
          uniq_maggie, uniq_eustachio

Skill      XL: |  1  2  3  4  5  6  7  8 |
---------------+-------------------------+-----
Spellcasting   | 3 4 5 6 7 |  7.8
Stealth        | 2 |  2.5
Fighting       | 1 2 |  2.4
Dodging        | 3 |  3.0
Invocations    | 1 |  1.2

Action                     |  1- 3 |  4- 6 |  7- 9 || total
---------------------------+-------+-------+-------++-------
  Melee: Unarmed           |     1 |     3 |       ||     4
         Headbutt          |       |     1 |       ||     1
         Whip              |       |     1 |     4 ||     5
   Cast: Foxfire           |    22 |    48 |    36 ||   106
         Inner Flame       |     1 |     4 |     3 ||     8
         Volatile Blastmot |       |    22 |    14 ||    36
         Call Imp          |       |     2 |     2 ||     4
         Beastly Appendage |       |     1 |       ||     1
         Scorch            |       |     2 |    17 ||    19
         Flame Wave        |       |       |     4 ||     4
    Use: Scroll            |       |     9 |     3 ||    12
   Stab: Sleeping          |       |       |     1 ||     1
 Armour: Robe              |     1 |       |     1 ||     2
  Dodge: Dodged            |     1 |     3 |    22 ||    26
